[Event "EICC 2025"]
[Site "Eforie-Nord"]
[Date "2025.03.15"]
[Round "1.15"]
[White "Yeritsyan, Hayk"]
[Black "Cheparinov, Ivan"]
[Result "1/2-1/2"]
[Annotator "TA"]
[ECO "B44"]
[WhiteElo "2323"]
[BlackElo "2646"]
[PlyCount "97"]
[EventDate "2025.03.14"]
[EventType "swiss"]
[EventCountry "ROU"]
[SourceTitle "playchess.com"]
[Source "ChessBase"]
[SourceQuality "1"]
[TimeControl "40/5400+30:1800+30"]

1. e4 c5 2. Nf3 e6 3. d4 cxd4 4. Nxd4 Nc6 5. Bf4 d6 6. Nxc6 {[%emt 0:00:20] B44: Sicilian: Taimanov: 5 Nb5.} bxc6 7. c4 Rb8 $1 {[%emt 0:00:11][%mdl 4] is currently scoring better than 7...e5.} 8. Qc2 {[%emt 0:00:33] The position is equal.} Ne7 9. Nc3 c5 10. Rd1 Nc6 11. e5 $146 ({Predecessor:} 11. Qd2 Nd4 12. Bd3 Be7 13. O-O O-O 14. Be3 a6 15. f4 Bb7 16. Ne2 Bf6 17. Nxd4 cxd4 {½-½ Niemann,H (2667)-Vokhidov,S (2596) Wch Rapid Samarkand 2023 (11)}) 11... Nd4 12. Qd2 Qc7 13. exd6 (13. Nb5 Nxb5 14. cxb5 (14. exd6 $2 Bxd6 15. Bxd6 Nxd6 $19) 14... d5 $15) 13... Bxd6 14. Bxd6 Qxd6 15. Nb5 Qe5+ 16. Be2 Rxb5 (16... Qxe2+ {simplifies} 17. Qxe2 Nxe2 18. Kxe2 Bd7) 17. cxb5 Bb7 18. Kf1 O-O {[%emt 0:04:07] aiming for ...Nxe2.} 19. f3 Rd8 20. Kf2 $1 Rd5 (20... Qf6 $14) 21. Bc4 $16 Nxf3 22. Qe2 (22. Bxd5 Nxd2 23. Bxb7 Qf6+ (23... Qxb2 24. Ke1 $17) 24. Ke1 Nc4 $19) 22... Qxe2+ 23. Bxe2 Nd4 24. Rhe1 Rf5+ 25. Kg1 Kf8 26. Bd3 (26. Bf1 $1 $16) 26... Rf4 (26... Rg5 $14 27. Be4 (27. Bxh7 $2 Rxg2+ 28. Kf1 g6 $19) 27... Bxe4 28. Rxe4 Rd5) 27. h3 (27. Bxh7 g6 (27... Nxb5 28. Bd3 $16) (27... Rg4 28. b4 $17) 28. Rf1 Rg4 $17) 27... Bd5 28. b3 (28. Bxh7 g6 29. Rc1 Kg7 (29... Nxb5 30. Rxc5 Rb4 31. Bxg6 $17) 30. Rxc5 Bxa2 $19 (30... Kxh7 31. a4 $17)) 28... Ke7 29. Rc1 (29. Bxh7 $6 g6 $11) 29... Kd6 30. Rf1 Rxf1+ 31. Kxf1 $14 {[%emt 0:00:04][%mdl 4096] Endgame KRB-KBN} f5 32. Kf2 e5 33. h4 e4 34. Bc4 f4 35. a4 (35. Rc3 $14) 35... e3+ 36. Kf1 Nxb3 (36... Be4 $15) 37. Bxb3 $11 Bxb3 $15 {[%emt 0:00:01] KR-KB} 38. a5 c4 39. Ke2 (39. b6 axb6 40. axb6 Kc6 $18) 39... Ba4 (39... Kc5 $6 40. b6 axb6 41. axb6 Kxb6 42. Rf1 $16) (39... g6 $11) 40. b6 $16 (40. Rxc4 $2 Bxb5 41. Kd3 Bxc4+ (41... Kd5 $2 42. h5 $19) 42. Kc2 Ke5 $19) 40... axb6 41. axb6 Bc6 (41... Bb5 $2 42. b7 c3+ 43. Ke1 $18) 42. Rb1 {[%emt 0:00:00] Hoping for b7.} (42. Rxc4 $2 Bb5 (42... Bxg2 $2 43. Rxf4 Kc6 44. Rg4 $18) 43. Kd3 Bxc4+ (43... Kd5 $2 44. b7 $18) 44. Kc2 Bd5 $19) 42... Bb7 {[%emt 0:00:00] [#]} (42... c3 $1 $11 {keeps the balance.}) 43. Rg1 (43. Rd1+ $1 $16 Kc5 44. Rf1) 43... Kc5 44. g3 (44. Rf1 {feels hotter.} c3 45. Kd3 e2 46. Rc1) 44... fxg3 (44... c3 $11) 45. Rxg3 (45. Kxe3 g2 (45... Kxb6 46. Rxg3 g6 47. Kd4 $14) 46. Rb1 h6 $11) 45... Kxb6 46. Rxg7 Be4 47. Kxe3 {[%emt 0:00:00] White is better.} Bd3 48. Kd4 {[%emt 0:00:00] White is more active.} Kc6 {[%emt 0:00:00] [#]} 49. Rxh7 {[%emt 0:00:00] Weighted Error Value: White=0.12 (very precise) /Black=0.17 (very precise)   Mistake:       	White=4     	Black=6      Inaccurate:     	White=3     	Black=4      OK:         	White=16    	Black=19     Best:        	White=4     	Black=2      Strong:       	White=1     	---} 1/2-1/2

[Event "EICC 2025"]
[Site "Eforie-Nord"]
[Date "2025.03.15"]
[Round "1.16"]
[White "Grandelius, Nils"]
[Black "Stefanou, Konstantinos"]
[Result "1-0"]
[Annotator "TA"]
[ECO "B30"]
[WhiteElo "2644"]
[BlackElo "2318"]
[PlyCount "69"]
[EventDate "2025.03.14"]
[EventType "swiss"]
[EventCountry "ROU"]
[SourceTitle "playchess.com"]
[Source "ChessBase"]
[SourceQuality "1"]
[TimeControl "40/5400+30:1800+30"]

1. e4 c5 2. Nf3 Nc6 3. Bb5 Nf6 4. Nc3 Qc7 5. O-O Nd4 6. Re1 a6 7. Bf1 {[%emt 0:00:29] B30: Sicilian: 2...Nc6 3 Bb5, lines without ...g6.} Ng4 {[%emt 0:01:45] ( -> ...Nxf3+)} 8. g3 Nxf3+ 9. Qxf3 {[%emt 0:00:07] White is slightly better.} Ne5 10. Qe2 e6 {[%emt 0:00:18] Wards off Nd5} 11. b3 {[%emt 0:02:05] 11.d3 is the hot move.} Nc6 12. Bb2 $146 (12. Nd1 Nd4 13. Qd3 g6 14. c3 Nc6 15. Ne3 Bg7 16. Bb2 O-O 17. Bg2 b5 18. f4 {0-1 Xu,Y (2444)-Dai,C (2438) Shanghai Gulf Cup 2017 (6)}) 12... Nd4 13. Qd3 d6 14. Nd1 Be7 15. c3 Nc6 16. Ne3 Bd7 17. Qe2 O-O 18. d4 cxd4 19. cxd4 Bf6 (19... e5 $142) 20. Rad1 Rfd8 21. Ba1 b5 22. d5 Bxa1 23. dxc6 (23. Rxa1 Nd4 24. Qd1 e5 $15) 23... Bc3 {[%emt 0:00:06] Black is weak on the light squares} 24. cxd7 {[%emt 0:00:08] White plays in the center} Bxe1 25. Qxe1 Rxd7 26. Bd3 {[%emt 0:01:12] White is more active.} Qc5 27. Qe2 Rc7 28. Kg2 Rb8 29. h4 Rb6 ({Better is} 29... Qa3 30. e5 d5) 30. Rd2 Qa3 (30... Qb4 $16 31. Nc2 Qc5) 31. h5 $18 h6 {[%emt 0:00:45] [#]} 32. Bc2 ({Only move:} 32. Nd5 $1 $18 exd5 33. exd5) 32... Qc5 $16 33. Bb1 {[%emt 0:00:10] Rc2 is the strong threat.} Rbc6 $2 {[%emt 0:00:40] [#]} (33... Rb8 $16 34. Qd3 Qxh5) 34. Nd5 $1 $18 Qc1 (34... exd5 $2 {too greedy.} 35. exd5 Rc8 36. dxc6 $18) (34... Qa7 35. Nxc7) 35. Rd1 {[%emt 0:01:31] Weighted Error Value: White=0.15 (very precise) /Black=0.33  Loses game:     	---       	Black=1      Mistake:       	White=1     	Black=3      Inaccurate:     	White=1     	Black=3      OK:         	White=11    	Black=9      Best:        	---       	Black=1      Brilliant:      	White=1     	---} 1-0

[Event "EICC 2025"]
[Site "Eforie-Nord"]
[Date "2025.03.15"]
[Round "1.16"]
[White "Starosta, Martyna"]
[Black "Samunenkov, Ihor"]
[Result "0-1"]
[Annotator "ChessBase"]
[ECO "B48"]
[WhiteElo "2226"]
[BlackElo "2556"]
[PlyCount "106"]
[EventDate "2025.03.14"]
[EventType "swiss"]
[EventCountry "ROU"]
[SourceTitle "playchess.com"]
[Source "ChessBase"]
[SourceQuality "1"]
[TimeControl "40/5400+30:1800+30"]

1. e4 c5 2. Nf3 Nc6 3. d4 cxd4 4. Nxd4 e6 5. Nc3 Qc7 6. Be3 a6 7. Qf3 h5 8. O-O-O b5 9. Qg3 Qxg3 10. hxg3 Bc5 11. Kb1 Bxd4 12. Bxd4 Nxd4 13. Rxd4 Bb7 14. Be2 Ne7 15. Rxh5 Rxh5 16. Bxh5 Nc6 17. Rd1 Ke7 18. f4 Rh8 19. Bf3 d6 20. Kc1 Rh2 21. Ne2 Na5 22. Nd4 g6 23. e5 dxe5 24. Bxb7 Nxb7 25. Nc6+ Ke8 26. Nxe5 Rxg2 27. Rd7 Nc5 28. Rxf7 Ne4 29. b3 Nxg3 30. Rf6 Ne2+ 31. Kb1 Ke7 32. Rxg6 Rxg6 33. Nxg6+ Kf6 34. Ne5 Nxf4 35. Nd7+ Kf5 36. c4 bxc4 37. bxc4 e5 38. Kc2 Ne6 39. Kd3 Kf4 40. Nf6 Kf3 41. c5 Nxc5+ 42. Kc4 e4 43. Nxe4 Nxe4 44. a4 Ke3 45. a5 Kd2 46. Kd4 Nc3 47. Kc4 Kc2 48. Kb4 Kd3 49. Kc5 Na2 50. Kb6 Nb4 51. Kc5 Kc3 52. Kd6 Kc4 53. Ke5 Nc6+ 0-1

[Event "EICC 2025"]
[Site "Eforie-Nord"]
[Date "2025.03.15"]
[Round "1.17"]
[White "Engel, Luis"]
[Black "Orian, Noga"]
[Result "1-0"]
[Annotator "ChessBase"]
[ECO "B30"]
[WhiteElo "2555"]
[BlackElo "2225"]
[PlyCount "87"]
[EventDate "2025.03.14"]
[EventType "swiss"]
[EventCountry "ROU"]
[SourceTitle "playchess.com"]
[Source "ChessBase"]
[SourceQuality "1"]
[TimeControl "40/5400+30:1800+30"]

1. e4 c5 2. Nf3 Nc6 3. Bb5 Nf6 4. Bxc6 dxc6 5. d3 Qc7 6. e5 Nd5 7. c4 Nb4 8. a3 Na6 9. Qe2 Bg4 10. Nbd2 Rd8 11. h3 Bf5 12. Ne4 Qd7 13. Nh4 Be6 14. Be3 Qxd3 15. Qxd3 Rxd3 16. Rc1 h6 17. Ke2 Rd8 18. g4 h5 19. f3 b6 20. Nf2 hxg4 21. hxg4 g6 22. b3 Bg7 23. f4 g5 24. Nf5 Bxf5 25. gxf5 gxf4 26. Bxf4 Rxh1 27. Rxh1 Rd4 28. Be3 Bxe5 29. Bxd4 cxd4 30. Nd3 Bf6 31. Kf3 Nc7 32. Ke4 Kd7 33. b4 Ne8 34. c5 Nc7 35. Ne5+ Bxe5 36. Kxe5 f6+ 37. Ke4 Nb5 38. Ra1 a5 39. a4 Nc3+ 40. Kxd4 axb4 41. cxb6 Kc8 42. a5 c5+ 43. Kxc5 b3 44. Kc6 1-0

[Event "EICC 2025"]
[Site "Eforie-Nord"]
[Date "2025.03.15"]
[Round "1.17"]
[White "Boder, Jan"]
[Black "Bluebaum, Matthias"]
[Result "0-1"]
[Annotator "TA"]
[ECO "D43"]
[WhiteElo "2317"]
[BlackElo "2643"]
[PlyCount "88"]
[EventDate "2025.03.14"]
[EventType "swiss"]
[EventCountry "ROU"]
[SourceTitle "playchess.com"]
[Source "ChessBase"]
[SourceQuality "1"]
[TimeControl "40/5400+30:1800+30"]

1. d4 Nf6 2. c4 e6 3. Nf3 d5 4. Nc3 c6 5. Bg5 h6 6. Bxf6 Qxf6 7. e3 g6 8. Bd3 {[%emt 0:00:39] D43: Semi-Slav: 5 Bg5 h6.} Bg7 9. O-O O-O 10. e4 {[%emt 0:00:20] The position is equal.} dxe4 {[%emt 0:06:19] was the old line (10...Qd8).} 11. Nxe4 Qd8 12. c5 b6 $5 {[%emt 0:04:03][%mdl 4] Leaves trodden paths.} 13. Qc2 $1 Bxd4 14. Nxd4 {[%emt 0:11:54] White sacrificed a pawn} Qxd4 15. Rad1 Qg7 16. b4 Nd7 17. Qc1 (17. Nd6 $16) 17... Kh7 $146 (17... bxc5 18. bxc5 Nf6 19. Nd6 a5 20. Rfe1 Nd5 21. Bc4 a4 22. a3 Ba6 23. Bxd5 cxd5 {1-0 Velilla Velasco,F (2559)-Jacot,L (2517) SUI-ch30 A email 2015}) 18. Rfe1 bxc5 19. bxc5 f5 20. Nd6 e5 21. Qc3 e4 22. Qxg7+ Kxg7 23. Bf1 (23. Bxe4 $11 {keeps the balance.} fxe4 24. Nxc8 Nxc5 25. Nd6) 23... Nxc5 $17 {[%emt 0:04:49] White is now going downhill.} 24. Rc1 Nb7 25. Rxc6 {[%emt 0:01:18] and Rc7+ would now be decisive} Nxd6 26. Rxd6 Rf6 27. Red1 Be6 28. a3 (28. Ra6 $142) 28... Bb3 $1 29. Rxf6 (29. Rd7+ $17 Rf7 30. R1d6) 29... Kxf6 {[%emt 0:02:51][%mdl 4096] Endgame KRB-KRB. Black is a pawn up.} (29... Bxd1 30. Ra6 $17) 30. Rd6+ {[%emt 0:00:12] [#]} (30. Rc1 $142) 30... Ke5 $1 $19 31. Rxg6 {[%emt 0:01:04] [#]} (31. Rc6 {was worth a try.}) 31... Rc8 $1 32. g4 Rc1 33. Kg2 Bd1 34. Bb5 Bf3+ 35. Kg3 Bxg4 {[%emt 0:01:02] Hoping for ...Rc3+.} 36. Rxh6 Rc3+ (36... Rg1+ $142 37. Kh4 Kf4 38. Rg6 Rh1 39. Rxg4+ fxg4 40. Kh5 Rxh2+ 41. Kg6 Rxf2 42. Kg7 g3 43. Kf7 g2 44. Kf6 g1=Q (44... g1=R $2 45. Ke6 $19) 45. Bd7 Qg5+ 46. Ke6 Qe5+ 47. Kf7 Kg5+ 48. Bf5 Rxf5+ (48... Kxf5 {is a self mate.} 49. a4 Kg4+ 50. Kg8 Qg5+ 51. Kh8 Rh2#) 49. Kg8 Qe8+ 50. Kh7 Rf7#) 37. Kh4 Kf4 (37... Rxa3 $2 38. Kg5 $19) 38. Bf1 {[%emt 0:00:07] Dodges Rh3+} Rc2 39. Bh3 Bxh3 40. Kxh3 Rxf2 {[%emt 0:00:06] ( -> ...e3)} 41. Ra6 e3 {[%emt 0:30:15] Black mates.} 42. Rxa7 e2 43. Re7 Rf3+ 44. Kg2 Re3 {[%emt 0:00:00] Weighted Error Value: White=0.85/Black=0.21 (precise)   Mistake:       	White=6     	Black=1      Inaccurate:     	White=5     	Black=2      OK:         	White=8     	Black=15     Best:        	White=1     	Black=3      Strong:       	White=1     	Black=3} ({Stronger than} 44... Rxa3 45. Rxe2 Kg5 46. Re8 $11) 0-1

[Event "EICC 2025"]
[Site "Eforie-Nord"]
[Date "2025.03.15"]
[Round "1.18"]
[White "Predke, Alexandr"]
[Black "Sachilaru, Alexandru"]
[Result "1-0"]
[Annotator "TA"]
[ECO "B52"]
[WhiteElo "2640"]
[BlackElo "2316"]
[PlyCount "66"]
[EventDate "2025.03.14"]
[EventType "swiss"]
[EventCountry "ROU"]
[SourceTitle "playchess.com"]
[Source "ChessBase"]
[SourceQuality "1"]
[TimeControl "40/5400+30:1800+30"]

1. e4 c5 2. Nf3 d6 3. Bb5+ Nc6 4. O-O Bd7 5. c3 Nf6 6. d4 cxd4 7. cxd4 Nxe4 8. d5 Ne5 9. Bxd7+ Qxd7 10. Re1 {[%emt 0:00:00] B52: Sicilian: Moscow Variation with 3...Bd7.} Nf6 11. Nc3 Nxf3+ 12. Qxf3 {[%emt 0:00:00] White has an edge.} e5 13. dxe6 {[%emt 0:00:00] White sacrificed a pawn} fxe6 14. Nd5 $5 {[%emt 0:00:00][%mdl 4] A promising side line. White has more active pieces. The black rooks are passive.} Nxd5 $146 ({Predecessor:} 14... Kf7 15. Nxf6 gxf6 16. Bg5 Bg7 17. Qh5+ Ke7 18. Bh4 Rac8 19. Rad1 Rc6 20. Rd3 Kd8 {0-1 Touboulic,J (2244)-Olivier,J (2392) FRA-ch Accession 2006 (1)}) 15. Qxd5 Kf7 16. Qf3+ Kg8 $1 17. Qg4 Re8 18. Bh6 g6 19. Bxf8 Kxf8 20. Rad1 {[%emt 0:00:00][%cal Ba1d1,Bd1d3,Bd3b3,Bb3b5][%mdl 32] Threatens to win with Qf4+.} Qe7 21. Qd4 Kf7 22. Qxa7 Rd8 23. Rd3 (23. Qd4 {is interesting.} Rhf8 24. Rd3 e5 25. Qd5+) 23... Rhe8 24. Qd4 Kg8 25. Rb3 Rd7 26. Rb5 Qf7 27. Qd2 d5 28. Re5 Rc8 29. Rb3 Rdc7 30. g3 {[%emt 0:01:19] Against Qf4} Rc2 31. Qf4 Qd7 32. Qg4 R8c6 33. h4 R2c4 {[%emt 0:00:00] Weighted Error Value: White=0.10 (very precise) /Black=0.09 (flawless)   Inaccurate:     	White=5     	Black=4      OK:         	White=8     	Black=7      Best:        	White=1     	---        Strong:       	---       	Black=1} 1-0

[Event "EICC 2025"]
[Site "Eforie-Nord"]
[Date "2025.03.15"]
[Round "1.18"]
[White "Deveci, Huseyin Said"]
[Black "Moroni, Luca Jr"]
[Result "0-1"]
[Annotator "ChessBase"]
[ECO "B22"]
[WhiteElo "2225"]
[BlackElo "2555"]
[PlyCount "90"]
[EventDate "2025.03.14"]
[EventType "swiss"]
[EventCountry "ROU"]
[SourceTitle "playchess.com"]
[Source "ChessBase"]
[SourceQuality "1"]
[TimeControl "40/5400+30:1800+30"]

1. e4 c5 2. c3 d5 3. exd5 Qxd5 4. d4 Nf6 5. Nf3 Nc6 6. dxc5 Qxd1+ 7. Kxd1 Bg4 8. Be3 Nd5 9. Kc1 e6 10. b4 Be7 11. a4 Bxf3 12. gxf3 a5 13. bxa5 Nxe3 14. fxe3 Bxc5 15. Bb5 Bxe3+ 16. Kc2 Rxa5 17. Na3 Bf4 18. Nc4 Ra7 19. h4 h5 20. Rhd1 Ke7 21. Rd3 Rd8 22. Rad1 Rxd3 23. Rxd3 Bc7 24. Kd2 Ra8 25. Ke2 Bg3 26. a5 Nb8 27. Rd2 Bxh4 28. a6 Nxa6 29. Rd7+ Kf8 30. Nd6 Be7 31. Nxb7 Ra7 32. c4 g5 33. Kf1 Nc5 34. Nxc5 Bxc5 35. Rd8+ Ke7 36. Rh8 h4 37. Bc6 Kd6 38. Rc8 h3 39. f4 gxf4 40. Bf3 Bd4 41. c5+ Ke5 42. c6 Ra3 43. Ke2 Re3+ 44. Kf2 Kf5 45. c7 Ke5 0-1

[Event "EICC 2025"]
[Site "Eforie-Nord"]
[Date "2025.03.15"]
[Round "1.19"]
[White "Vogel, Roven"]
[Black "Ipek, Egehan"]
[Result "1-0"]
[Annotator "ChessBase"]
[ECO "A06"]
[WhiteElo "2552"]
[BlackElo "2221"]
[PlyCount "81"]
[EventDate "2025.03.14"]
[EventType "swiss"]
[EventCountry "ROU"]
[SourceTitle "playchess.com"]
[Source "ChessBase"]
[SourceQuality "1"]
[TimeControl "40/5400+30:1800+30"]

1. d4 d5 2. c4 c6 3. Nf3 Nf6 4. e3 e6 5. b3 Nbd7 6. Bb2 Bd6 7. Bd3 Qe7 8. Ne5 Nxe5 9. dxe5 Bb4+ 10. Nd2 Nd7 11. O-O O-O 12. f4 g6 13. Nf3 dxc4 14. bxc4 Ba3 15. Bd4 b5 16. cxb5 c5 17. Bc3 Bb7 18. Nd2 Nb6 19. Ne4 Bxe4 20. Bxe4 Rad8 21. Qc2 c4 22. Bd4 Bc5 23. Qc3 Bxd4 24. exd4 Qd7 25. a4 Qxd4+ 26. Qxd4 Rxd4 27. Bc6 Nd5 28. a5 Nb4 29. Bb7 c3 30. a6 Nd5 31. g3 c2 32. Rac1 Ne3 33. Rfe1 Rd1 34. Kf2 Rfd8 35. Bf3 Rxe1 36. Kxe1 Rb8 37. Bb7 Kf8 38. b6 Rd8 39. Ke2 Nf5 40. bxa7 Nd4+ 41. Kf2 1-0

[Event "EICC 2025"]
[Site "Eforie-Nord"]
[Date "2025.03.15"]
[Round "1.19"]
[White "Pogorelskikh, Sofia"]
[Black "Bjerre, Jonas Buhl"]
[Result "0-1"]
[Annotator "TA"]
[ECO "B96"]
[WhiteElo "2313"]
[BlackElo "2637"]
[PlyCount "60"]
[EventDate "2025.03.14"]
[EventType "swiss"]
[EventCountry "ROU"]
[SourceTitle "playchess.com"]
[Source "ChessBase"]
[SourceQuality "1"]
[TimeControl "40/5400+30:1800+30"]

1. e4 c5 2. Nf3 d6 3. d4 cxd4 4. Nxd4 Nf6 5. Nc3 a6 6. Bg5 e6 7. f4 h6 8. Bh4 Nbd7 {[%emt 0:00:52] B96: Sicilian Najdorf: 6 Bg5 e6 7 f4, lines other than 7...Qb6 and 7...Be7.} 9. Qe2 e5 $1 {[%emt 0:02:13] 9...e5 is better than 9...Qc7.} 10. Nf5 g6 {[%emt 0:05:01] The position is equal.} 11. O-O-O $146 (11. Ne3 exf4 12. Ned5 g5 13. Bf2 Bg7 14. O-O-O O-O 15. h4 Ne5 16. hxg5 hxg5 17. Nxf6+ Bxf6 {1-0 Yao,H (2035)-Delgado Ramirez,N (2621) Titled Tuesday intern op 12th Jan blitz 2021 (1)}) 11... gxf5 $17 12. exf5 {[%emt 0:02:06] [#] and fxe5 would now be decisive} Be7 $1 13. g4 exf4 14. Bxf6 (14. Bg2 $17) 14... Nxf6 $19 15. h4 Qb6 16. Rd3 Kf8 17. Bg2 Bd7 18. Re1 Re8 19. Qd2 Nxg4 {[%emt 0:08:05] Black is clearly winning.} 20. Nd5 Qf2 21. Re2 Qxh4 22. Rh3 Qg5 23. Nxf4 Qxf5 {[%emt 0:06:01] [#]} 24. Be4 Qc5 {[%emt 0:00:59] And now ...Bg5 would win.} 25. b4 Qe5 26. Kb1 {[%emt 0:00:55] Prevents Qa1+} Bf6 27. c3 Bf5 28. Bxf5 Qxf5+ 29. Kb2 Rxe2 30. Nxe2 Be5 {[%emt 0:00:48] White did not feel at home in the position after the opening.   Weighted Error Value: White=0.57/Black=0.03 (flawless)   Mistake:       	White=2     	---        Inaccurate:     	White=2     	---        OK:         	White=3     	Black=9      Best:        	---       	Black=3      Strong:       	---       	Black=1} 0-1

[Event "EICC 2025"]
[Site "Eforie-Nord"]
[Date "2025.03.15"]
[Round "1.20"]
[White "Hakobyan, Aram"]
[Black "Hulka, Valentyn"]
[Result "1-0"]
[Annotator "TA"]
[ECO "B31"]
[WhiteElo "2635"]
[BlackElo "2312"]
[PlyCount "77"]
[EventDate "2025.03.14"]
[EventType "swiss"]
[EventCountry "ROU"]
[SourceTitle "playchess.com"]
[Source "ChessBase"]
[SourceQuality "1"]
[TimeControl "40/5400+30:1800+30"]

1. e4 c5 2. Nf3 Nc6 3. Bb5 g6 4. O-O Bg7 5. c3 Nf6 6. Re1 O-O 7. d4 d5 8. e5 Ne4 9. Be3 {[%emt 0:00:11] B31: Sicilian: 2...Nc6 3 Bb5 g6.} cxd4 {[%emt 0:00:14] The main line 9...cxd4 scores better than 9...Qb6.} 10. cxd4 Qb6 11. Bxc6 {[%emt 0:00:09] The position is equal.} Qxc6 12. Ng5 $5 {[%emt 0:00:09][%mdl 4] Leaves trodden paths.} h6 $146 (12... Bf5 13. Nxe4 dxe4 14. Nc3 Rfd8 15. Qb3 Be6 16. Qb4 Rd7 17. a4 f5 18. Rec1 a5 {1-0 Navara,D (2676)-Bosiocic,M (2548) Bundesliga 2223 2022 (10.2)}) 13. Nxe4 dxe4 14. Nc3 Rd8 15. Qb3 Be6 16. Qa3 Bf8 17. Rac1 f5 18. Red1 Kh7 (18... Bc4 $14) 19. h4 $1 $16 Bc4 {[%emt 0:08:40] [#]} 20. d5 {[%emt 0:27:15][%cal Bd4d5,Bd5d6][%mdl 544] White plays in the center} Qa6 {[%emt 0:03:28] Black is weak on the dark squares} (20... Bxd5 21. Nxd5) 21. Qb4 Rac8 22. Bc5 {[%emt 0:05:24] White is more active.} (22. b3 $16 Bd3 23. a4) 22... Rd7 $2 {[%emt 0:10:37] [#] This move loses the game for Black.} (22... Re8 $1 $11 {and Black stays safe.}) 23. d6 $1 $18 e6 24. Bd4 (24. Nxe4 fxe4 25. Qxc4 (25. Rxc4 b6 $14) 25... Qxc4 26. Rxc4 b6 $16) 24... b6 25. a4 g5 26. Nb5 Bd5 27. h5 Qb7 28. Qd2 a6 $2 {[%emt 0:06:39] [#]} (28... Kg8 29. Rxc8 Qxc8) 29. Rxc8 $1 Qxc8 30. Rc1 Qb7 31. Nc7 Bg7 32. Qe2 Rf7 (32... b5 $142 33. Rc5 (33. axb5 axb5 34. Rc5 Bc4 $18) 33... Bc4) 33. Nxd5 (33. Qxa6 Rxc7 34. dxc7 Qxa6 $16) 33... Qxd5 34. Qc4 ({Less strong is} 34. Bxb6 Bxe5 35. Rd1 (35. Qxa6 Qxd6 36. Qb5 Rd7 $14) 35... Qc6 36. Qxa6 Rd7 $11 (36... Qc2 37. Qf1 $16)) 34... Qxc4 35. Rxc4 Kg8 36. Rc7 Rf8 {[%emt 0:00:43] Dodges d7} 37. d7 {[%emt 0:00:45][%cal Oc7c8] Threatens to win with Rc8!.} e3 38. fxe3 {[%emt 0:00:16][%cal Oc7c8] White threatens Rc8! and mate.} f4 39. Rc8 {[%emt 0:00:11] Weighted Error Value: White=0.07 (flawless) /Black=0.95  Loses game:     	---       	Black=1      Mistake:       	White=1     	Black=3      Inaccurate:     	---       	Black=1      OK:         	White=10    	Black=5      Best:        	White=2     	---        Strong:       	White=3     	---} 1-0

[Event "EICC 2025"]
[Site "Eforie-Nord"]
[Date "2025.03.15"]
[Round "1.20"]
[White "Sgircea, Silvia-Raluca"]
[Black "Stefansson, Vignir Vatnar"]
[Result "0-1"]
[Annotator "ChessBase"]
[ECO "A30"]
[WhiteElo "2221"]
[BlackElo "2551"]
[PlyCount "94"]
[EventDate "2025.03.14"]
[EventType "swiss"]
[EventCountry "ROU"]
[SourceTitle "playchess.com"]
[Source "ChessBase"]
[SourceQuality "1"]
[TimeControl "40/5400+30:1800+30"]

1. c4 Nf6 2. Nf3 b6 3. g3 Bb7 4. Bg2 g6 5. O-O Bg7 6. Nc3 O-O 7. Qc2 c5 8. b3 d5 9. cxd5 Nxd5 10. Bb2 e5 11. Nxd5 Qxd5 12. d3 Nc6 13. Rfd1 Rfe8 14. Bc3 Rac8 15. Rac1 Qd7 16. Qb2 Qe7 17. Re1 h6 18. a4 Nb4 19. Qa1 Nd5 20. Bb2 a6 21. Nd2 Qc7 22. Red1 Kh7 23. e3 Nb4 24. Bxb7 Qxb7 25. Nc4 Qb8 26. d4 exd4 27. exd4 Re2 28. dxc5 Bxb2 29. Nxb2 Qe5 30. Nc4 Qf5 31. Qd4 bxc5 32. Qf4 Qxf4 33. gxf4 Rc6 34. Kf1 Re4 35. Na5 Rf6 36. Rxc5 Rexf4 37. Rd2 Rf3 38. Rc4 Nd3 39. Rcc2 Nf4 40. Rb2 Rh3 41. Nc4 Rxh2 42. f3 Rh3 43. Kf2 Ne6 44. Rd3 g5 45. b4 g4 46. b5 Nc5 47. Ra3 Rfxf3+ 0-1

[Event "EICC 2025"]
[Site "Eforie-Nord"]
[Date "2025.03.15"]
[Round "1.21"]
[White "Ahmadzada, Ahmad"]
[Black "Berend, Fred"]
[Result "1-0"]
[Annotator "ChessBase"]
[ECO "C02"]
[WhiteElo "2550"]
[BlackElo "2219"]
[PlyCount "61"]
[EventDate "2025.03.14"]
[EventType "swiss"]
[EventCountry "ROU"]
[SourceTitle "playchess.com"]
[Source "ChessBase"]
[SourceQuality "1"]
[TimeControl "40/5400+30:1800+30"]

1. e4 c5 2. Nf3 e6 3. c3 d5 4. e5 Nc6 5. d4 Qb6 6. Na3 cxd4 7. cxd4 Bb4+ 8. Bd2 Bxa3 9. bxa3 Nxd4 10. Qa4+ Nc6 11. Bd3 Nge7 12. O-O Bd7 13. Qg4 Ng6 14. h4 O-O-O 15. Rfc1 Kb8 16. Rab1 Qc7 17. h5 Nge7 18. Bb4 Nc8 19. Qxg7 Rdg8 20. Qxf7 Qd8 21. Bb5 Nxe5 22. Qf4 Bxb5 23. Nxe5 Ka8 24. Nf7 Qe8 25. Nxh8 Rxh8 26. Rc7 Qxh5 27. Bf8 Nb6 28. Qf6 Rxf8 29. Qxf8+ Qe8 30. Rf7 Nc8 31. Rxb5 1-0